 Dungeon Crawl Stone Soup version 0.14-a0-2374-ge879b5e (webtiles) character file.

297 Mitsuki the Vexing (level 5, -15/35 HPs)
             Began as a Vampire Enchanter on Feb 1, 2014.
             Demolished by an ogre
             ... wielding a +0,+0 giant club
              (20 damage)
             ... on Level 4 of the Dungeon.
             The game lasted 00:10:36 (3627 turns).

Mitsuki the Vexing (Vampire Enchanter)              Turns: 3627, Time: 00:10:37

HP -15/35        AC  4     Str  8      XL: 5   Next:  6%
MP   2/9         EV 12     Int 17      God:
Gold 152         SH  0     Dex 14      Spells:  3 memorised,  2 levels left

rFire  . . .     SeeInvis +     a - +1 dagger
rCold  + . .     Clarity  .     b - +1 robe
rNeg   + + .     Conserve .     (no shield)
rPois  +         rCorr    .     (no helmet)
rElec  .         rRot     +     (no cloak)
SustAb . .       Spirit   .     n - +0 pair of gloves
rMut   .         Warding  .     (no boots)
Saprov . . .     Stasis   .     (no amulet)
MR     .....                    (no ring)
                                (no ring)

@: regenerating slowly, very slightly contaminated, not resistant to hostile
enchantments, quite stealthy
A: fangs 3, see invisible, unbreathing
a: Bat Form


You were on level 4 of the Dungeon.
You were thirsty.

You visited 1 branch of the dungeon, and saw 4 of its levels.

You collected 152 gold pieces.

Inventory:

Hand weapons
 a - a +1,+1 dagger (weapon)
Missiles
 d - 12 darts (quivered)
Armour
 b - a +1 robe (worn)
 n - a +0 pair of gloves (worn)
 p - a +0 buckler
Scrolls
 f - 5 scrolls of identify
 g - 2 scrolls of remove curse {unknown}
 o - a scroll of fog
Potions
 e - a potion of invisibility
 h - a potion of might {unknown}
 i - 3 potions of heal wounds {unknown}
 j - a potion of beneficial mutation {unknown}
 k - 3 potions of curing {unknown}
 l - a potion of experience {unknown}
 q - a potion of poison {unknown}
Books
 c - a book of Maledictions

   Spells                             Type                      Level
   *Corona                            Hexes                        1
   Sure Blade                         Hexes/Charms                 2
   *Ensorcelled Hibernation           Hexes/Ice                    2
   *Confuse                           Hexes                        3
   Enslavement                        Hexes                        4
   Invisibility                       Hexes                        6
Magical staves
 m - an uncursed staff of summoning


   Skills:
 - Level 1.1 Short Blades
 - Level 0.7 Throwing
 - Level 2.1 Dodging
 + Level 4.7 Stealth
 - Level 2.0 Spellcasting
 * Level 7.7 Hexes


You had 2 spell levels left.
You knew the following spells:

 Your Spells              Type           Power        Failure   Level  Hunger
a - Corona                Hex            ####...      1%          1    #......
b - Ensorcelled Hibernat  Hex/Ice        ##....       10%         2    ###....
c - Confuse               Hex            ####....     2%          3    ####...


Dungeon Overview and Level Annotations

Branches:
Dungeon (4/16)
 Temple: D:4-7

Altars:

Shops:
D:4 /


Innate Abilities, Weirdness & Mutations

You heal slowly.
You have razor-sharp teeth.*
You have supernaturally acute eyesight.
You can survive without breathing.*


Message History

You are very lightly contaminated with residual magic.
Nothing appears to happen.
You are feeling thirsty.
Casting: Ensorcelled Hibernation
Confirm with . or Enter, or press ? or * to list all spells.
Aiming: Ensorcelled Hibernation
Press: ? - help, Shift-Dir - straight line, f/p - ogre
Aim: an ogre, wielding a giant club The ogre resists.
The ogre hits you with a giant club!
Ouch! That really hurt!
* * * LOW HITPOINT WARNING * * *
There is a stone staircase leading up here.
Casting: Ensorcelled Hibernation
Confirm with . or Enter, or press ? or * to list all spells.
Aiming: Ensorcelled Hibernation
Press: ? - help, Shift-Dir - straight line, f/p - ogre
Aim: an ogre, wielding a giant club The ogre resists.
The ogre hits you with a giant club!
Ouch! That really hurt!
You die...

#.# #.# #§# #.## #<# #§#
...#########.# #§#
...........#.# #§#
...###.......# #####§# #.##
#.###.### #...§§# ### #.#
#.# #.##### #.#
#.########### #.# #.#
#.....O@....# #.#
#.#############.####.#####
##.#...# #.............#
#....#.# #.##.####.###.# #
#......######.##.# #.# #.#
# #.##.....%.......# #.#
#.#
#####.#...........(..####.#
#.#
##...........##......##...#
#(#
##.#####....###.#...###.###
#.#


You could see an ogre.

Vanquished Creatures
  A crimson imp (D:3)
  Jessica (D:3)
  2 adders
  A giant mite (D:2)
  A giant gecko (D:4)
  An ooze (D:4)
  2 orcs (D:3)
  2 ball pythons
  A giant cockroach (D:1)
  8 hobgoblins
  4 jackals (D:1)
  7 kobolds
  9 bats
  A giant newt (D:1)
  12 goblins
  11 rats
  A rat skeleton (D:3)
65 creatures vanquished.

Notes
Turn   | Place    | Note
--------------------------------------------------------------
     0 | D:1      | Mitsuki, the Vampire Enchanter, began the quest for the Orb.
     0 | D:1      | Reached XP level 1. HP: 13/13 MP: 3/3
   322 | D:1      | Reached skill level 5 in Hexes
   443 | D:1      | Reached XP level 2. HP: 16/19 MP: 4/4
   447 | D:1      | Learned a level 2 spell: Ensorcelled Hibernation
  1351 | D:2      | Reached XP level 3. HP: 24/24 MP: 6/6
  1374 | D:2      | Reached skill level 6 in Hexes
  1379 | D:2      | Learned a level 3 spell: Confuse
  2684 | D:3      | Noticed Jessica
  2693 | D:3      | Killed Jessica
  2693 | D:3      | Reached skill level 7 in Hexes
  2693 | D:3      | Reached XP level 4. HP: 27/30 MP: 2/7
  3391 | D:4      | Reached XP level 5. HP: 33/35 MP: 6/9
  3509 | D:4      | Found Ebbij's Magical Wand Emporium.
  3601 | D:4      | Noticed an ogre
  3627 | D:4      | Demolished by an ogre

Action                   |  1- 3 |  4- 6 || total
-------------------------+-------+-------++-------
Melee: Dagger            |   143 |    33 ||   176
 Cast: Ensorcelled Hiber |    26 |    15 ||    41
       Confuse           |     1 |       ||     1
Evoke: Wand              |     1 |       ||     1
  Use: Scroll            |       |     4 ||     4
 Stab: Sleeping          |    22 |    13 ||    35
       Confused          |     1 |       ||     1
